AoeStats
← 百足ノ舞

Hideout

509968897Analyzed
1v1 RM · 4d ago on Sep 28, 2026· 41m 3s· 2 players
Game mode
Random Map
Map size
Tiny (2 player)
Population
200
Speed
Normal
Resources
Standard
Victory
Conquest
Starting age
Dark Age
Ending age
Imperial Age
RankedLock teamsTeams togetherTeam positionsShared explorationLock speedFull tech treeHidden civsTurbo modeCheats
Victory
Defeat
🇩🇪 Goths · Germany
1229
+16
🇺🇸 Khmer · United States
1224
-16
WoodyMercury901
11:04 Feudal Age
14:29 Loom
17:50 Castle Age
16:30 Double-Bit Axe
17:20 Stone Mining
25:56 Gold Mining
28:28 Wheelbarrow
28:12 Horse Collar
35:04 Imperial Age
34:09 Gold Shaft Mining
35:31 Bloodlines
40:01 Double Crossbow
百足ノ舞
0:47 Loom
11:31 Feudal Age
12:09 Double-Bit Axe
12:06 Horse Collar
12:18 Man-at-Arms
15:07 Forging
14:48 Fletching
18:22 Scale Mail Armor
22:36 Castle Age
22:37 Stone Mining
25:21 Stone Shaft Mining
25:04 Bodkin Arrow
26:51 Squires
27:26 Bow Saw
28:09 Chain Mail Armor
28:09 Pikeman
30:17 Iron Casting
32:30 Wheelbarrow
32:49 Anarchy
34:55 Hand Cart
38:36 Imperial Age
38:44 Heavy Plow
40:35 Blast Furnace
39:30 Halberdier
Connection lost

Rejoining the realm…

Still unreachable

The connection could not be restored.

Session expired

The server has moved on; the page needs a fresh start.